 Dungeon Crawl Stone Soup version 0.27.0-1-g7a089689b8 (webtiles) character file.

Game seed: 11802980730391930333

164 Spaninq the Poker (level 5, -1/41 HPs)
             Began as a Merfolk Fire Elementalist on Aug 9, 2021.
             Was a Follower of Yredelemnul.
             Killed by nerve-wracking pain
             ... invoked by Grinder
              (6 damage)
             ... on level 3 of the Dungeon.
             The game lasted 00:08:39 (4193 turns).

Spaninq the Poker (Merfolk Fire Elementalist)       Turns: 4193, Time: 00:08:39

Health: -1/41      AC:  6    Str:  9    XL:     5   Next: 45%
Magic:  8/8        EV:  9    Int: 15    God:    Yredelemnul [*.....]
Gold:   89         SH:  0    Dex: 14    Spells: 7/8 levels left

rFire    . . .     SeeInvis .   c - +0 spear
rCold    . . .     Faith    .   (no shield)
rNeg     . . .     Spirit   .   e - +0 scale mail
rPois    .         Reflect  .   (no helmet)
rElec    .         Harm     .   (no cloak)
rCorr    .         Rampage  .   (no gloves)
Will     .....                  (no boots)
Stlth    +.........             (no amulet)
HPRegen  0.13/turn              (no ring)
MPRegen  0.11/turn              (no ring)

@: no status effects
A: (nimble swimmer 2), mertail
a: Renounce Religion, Animate Remains


You were on level 3 of the Dungeon.
You worshipped Yredelemnul.
Yredelemnul was aware of your devotion.
You visited 1 branch of the dungeon, and saw 3 of its levels.

You collected 89 gold pieces.

Inventory:

Hand Weapons
 c - a +0 spear (weapon)
Missiles
 b - 123 stones
 l - 7 poisoned darts (quivered)
Armour
 a - a +0 robe
 e - a +0 scale mail (worn)
Jewellery
 i - an amulet of guardian spirit
Wands
 g - a wand of flame (20)
Scrolls
 k - a scroll of teleportation {unknown}
 m - a scroll of identify
Potions
 d - a potion of cancellation
 f - a potion of flight
 h - a potion of curing
 j - a potion of invisibility {unknown}


   Skills:
 + Level 3.0 Fighting
 * Level 5.4 Polearms
 - Level 3.2 Dodging
 - Level 2.1 Stealth
 - Level 2.0 Spellcasting
 - Level 0.7 Conjurations
 - Level 2.1 Fire Magic


You had 7 spell levels left.
You knew the following spells:

 Your Spells              Type           Power      Damage    Failure   Level
a - Foxfire               Conj/Fire      20%        2x1d5     71%         1

Your spell library contained the following spells:

 Spells                   Type           Power      Damage    Failure   Level
 Conjure Flame            Conj/Fire      5%         6-21      97%         3
 Inner Flame              Hex/Fire       4%         N/A       98%         3
 Sticky Flame             Conj/Fire      5%         2d3       100%        4
 Fireball                 Conj/Fire      2%         3d4       100%        5


Dungeon Overview and Level Annotations

Branches:
Dungeon (3/15)

Altars:
Kikubaaqudgha
Yredelemnul

Annotations:
D:3 Grinder


Innate Abilities, Weirdness & Mutations

((You are quick and stealthy near water. (Stealth+, EV+, Speed+++)))
Your lower body shifts to a powerful aquatic tail in water.


Message History

Natasha is heavily wounded.
Natasha barely misses you.
You closely miss Natasha.
Natasha is heavily wounded.
Natasha misses you.
You hit Natasha.
Natasha is almost dead.
Natasha claws you.
The white imp sputters.
You hit Natasha but do no damage.
Natasha is almost dead.
Natasha claws you.
You miss Natasha.
Natasha is almost dead.
Grinder shouts!
Natasha claws you.
You closely miss Natasha.
Natasha is almost dead.
Grinder zaps a wand.
The puff of flame hits you. Natasha closely misses you.
You hit Natasha.
You kill Natasha!
Yredelemnul accepts your kill.
You hear a faint echoing roar filled with hate and sorrow!
The white imp disappears in a puff of smoke!
Grinder blinks!
Your Fighting skill increases to level 3!
You see here the felid corpse of Natasha.
Grinder zaps a wand.
The puff of flame hits you!
* * * LOW HITPOINT WARNING * * *
Okay, then.
Grinder zaps a wand.
The puff of flame misses you.
Grinder blinks!
Grinder zaps a wand.
The puff of flame hits you.
* * * LOW HITPOINT WARNING * * *
Grinder zaps a wand.
The puff of flame hits you.
* * * LOW HITPOINT WARNING * * *
Grinder gestures at you. Pain shoots through your body!
You die...
Your body rises from the dead as a mindless zombie.

#.###.#.........######.##
.# ##..###............. #
#.### ####.........# #..
#..#####..# ..#. #..#
#..# ...#.
#..#####..####### ### #.
###..#............# # .#.
##.........<.#####.#
###.#.#####.....@.###..#
##......#(....^...# #..#
##..# #..........## #..#
##..#...#....5...# #..#
##..#...#†#...#........#
##..#...#.#...>....##.##
......5h#.#........##.#
##.#.#..#.#........#
#.###...#..........#


You could see Grinder.

Vanquished Creatures
  Natasha (twice) (D:3)
  4 gnolls (D:2)
  2 adders (D:2)
  A dart slug (D:3)
  An orc (D:3)
  3 bat skeletons (D:3)
  2 bat zombies (D:3)
  5 endoplasms
  2 giant cockroaches
  A goblin (D:2)
  6 hobgoblins
  3 jackals (D:1)
  5 kobolds
  4 quokkas
  A ball python (D:2)
  5 bats
  2 frilled lizards (D:1)
  5 rats
54 creatures vanquished.

Vanquished Creatures (collateral kills)
  A foxfire (D:3)
1 creature vanquished.

Vanquished Creatures (others)
  A quokka zombie (D:3)
  153 foxfires
154 creatures vanquished.

Grand Total: 209 creatures vanquished

Notes
Turn   | Place    | Note
-------+----------+-------------------------------------------
     0 | D:1      | Spaninq the Merfolk Fire Elementalist began the quest for
                  | the Orb.
     0 | D:1      | Reached XP level 1. HP: 13/13 MP: 3/3
   559 | D:1      | Reached skill level 1 in Fighting
   559 | D:1      | Reached XP level 2. HP: 21/21 MP: 1/5
   881 | D:1      | Reached skill level 1 in Polearms
  1698 | D:2      | Reached skill level 2 in Polearms
  1698 | D:2      | Reached XP level 3. HP: 22/27 MP: 1/6
  1933 | D:2      | Reached skill level 3 in Polearms
  2019 | D:2      | Reached XP level 4. HP: 27/33 MP: 0/7
  2125 | D:2      | Found a faded altar of an unknown god.
  2186 | D:2      | Became a worshipper of Yredelemnul the Dark
  2186 | D:2      | Reached * piety under Yredelemnul
  2410 | D:2      | Reached skill level 4 in Polearms
  3119 | D:3      | Noticed Grinder
  3862 | D:3      | Found an ancient bone altar of Kikubaaqudgha.
  3918 | D:3      | Noticed Natasha
  3930 | D:3      | Killed Natasha
  3931 | D:3      | Reached skill level 5 in Polearms
  3931 | D:3      | Reached XP level 5. HP: 23/40 MP: 8/8
  4167 | D:3      | Noticed Natasha
  4184 | D:3      | Killed Natasha
  4193 | D:3      | Killed from afar by Grinder

Illustrated notes

Levels and vault maps discovered:
D:1:      minmay_arrival_open_corners, layout_basic
D:2:      layout_basic, shapermc_ecumenical_altar_notcrosses,
          kennysheep_generic_room_3
D:3:      layout_loops_ring, kennysheep_vampire_church, minmay_hedge_maze,
          minivault_24, uniq_terence, uniq_natasha, uniq_sigmund, uniq_grinder

Skill      XL: |  1  2  3  4  5 |
---------------+----------------+-----
Dodging        | 3 |  3.2
Fighting       | 1 2 3 |  3.0
Polearms       | 2 3 5 |  5.4
Stealth        | |  2.1
Spellcasting   | |  2.0
Conjurations   | |  0.7
Fire Magic     | |  2.1

Action                   |  1- 3 |  4- 6 || total
-------------------------+-------+-------++-------
Melee: Unarmed           |     8 |       ||     8
       Spear             |    11 |    77 ||    88
Throw: Dart              |       |     3 ||     3
 Cast: Foxfire           |    47 |    41 ||    88
Invok: Animate Remains   |       |     2 ||     2
  Use: Scroll            |       |     3 ||     3
 Stab: Sleeping          |     1 |       ||     1
Armor: Robe              |     9 |       ||     9
       Scale mail        |       |    46 ||    46
Dodge: Dodged            |    20 |    57 ||    77
